 Dungeon Crawl Stone Soup version 0.31-a0-277-g31ea1f65cc (webtiles) character file.

Game seed: 4230311865933440569

1820 ryw the Ruffian (level 8, -7/63 HPs)
             Began as a Demigod Shapeshifter on July 15, 2023.
             Mangled by BootchMan's ghost (15 damage)
             ... on level 2 of the Dungeon.
             The game lasted 00:12:00 (7321 turns).

ryw the Ruffian (Demigod Shapeshifter)              Turns: 7321, Time: 00:12:00

Health: -7/63      AC: 10    Str: 24    XL:     8   Next: 55%
Magic:  10/10      EV:  9    Int: 10    God:
Gold:   162        SH:  0    Dex: 14    Spells: 7/7 levels left

rFire   . .          .
                       - Unarmed
rCold   . . .        (no shield)
rNeg    + . .        f - +1 chain mail {Will+}
rPois   .            (helmet currently unavailable)
rElec   .            (cloak currently unavailable)
rCorr   .            (gloves currently unavailable)
SInv    .            (boots currently unavailable)
Will    +....        a - amulet of the acrobat Stlth
                     u - ring of positive energy
HPRegen 0.30/turn    (no ring)
MPRegen 0.12/turn

%: acrobat
@: mighty, beast-form
A: beast (slay +4), high MP 1, forlorn, divine attributes
a: Begin Untransformation


You were on level 2 of the Dungeon.
You were a hulking beast.
You visited 1 branch of the dungeon, and saw 5 of its levels.

You collected 312 gold pieces.
You spent 150 gold pieces at shops.

Inventory:

Missiles
 k - 12 javelins
 m - 14 poisoned darts
 q - 5 boomerangs (quivered)
Armour
 f - a +1 chain mail of willpower (worn)
 j - a +0 helmet
 p - a +0 pair of gloves
Jewellery
 a - an amulet of the acrobat (around neck)
 l - a ring of protection from cold
 r - a ring of protection from cold
 u - a ring of positive energy (left hand)
 y - an amulet of guardian spirit
Talismans
 b - a granite talisman
 c - a beast talisman
 n - a blade talisman
Wands
 v - a wand of flame (41)
Scrolls
 e - a scroll of enchant weapon {unknown}
 h - 2 scrolls of revelation
 i - a scroll of blinking
 s - a scroll of amnesia
 t - a scroll of poison {unknown}
 w - a scroll of noise {unknown}
 z - a scroll of identify
Potions
 d - 2 potions of curing
 o - 2 potions of attraction


   Skills:
 - Level 3.0 Fighting
 - Level 3.0 Throwing
 - Level 3.0 Armour
 - Level 2.0 Dodging
 + Level 6.5 Unarmed Combat
 + Level 6.0 Shapeshifting


You had 7 spell levels left.
You didn't know any spells.
Your spell library contained the following spells:

 Spells                   Type           Power      Damage    Failure   Level
 Cigotuvi's Dreadful Rot  Necr/Pois/Air  0%         N/A       97%         2
 Ensorcelled Hibernation  Hex/Ice        0%         N/A       97%         2
 Gell's Gravitas          Tloc           0%         N/A       100%        3
 Teleport Other           Tloc           0%         N/A       100%        3
 Anguish                  Hex/Necr       0%         N/A       100%        4
 Dispel Undead            Necr           0%         3d6       100%        4
 Death Channel            Necr           0%         N/A       100%        6
 Dispersal                Tloc           0%         N/A       100%        6


Dungeon Overview and Level Annotations

Branches:
Dungeon (5/15)
 Temple: D:4-7

Shops:
D:5 !

Annotations:
D:2 BootchMan's ghost, amateur AtFi
D:3 mwobee's ghost, weakling TeRe
D:4 Edmund
D:5 2 runed translucent doors, juan097's ghost, amateur OpSh


Innate Abilities, Weirdness & Mutations

You are a hulking beast.
Your limbs bulge with bestial killing power. (Slay +4)
You have an increased reservoir of magic. (+10% MP)
You shall have no god before yourself.
Your divine heritage dramatically boosts your attributes as you level up.


Message History

BootchMan's ghost is severely damaged.
BootchMan's ghost closely misses you.
You hit BootchMan's ghost.
BootchMan's ghost is severely damaged.
BootchMan's ghost hits you!
You punch BootchMan's ghost!
BootchMan's ghost is almost destroyed.
BootchMan's ghost hits you but does no damage.
You completely miss BootchMan's ghost.
BootchMan's ghost is almost destroyed.
BootchMan's ghost hits you!
* * * LOW HITPOINT WARNING * * *
You hit BootchMan's ghost but do no damage.
BootchMan's ghost is almost destroyed.
You hit BootchMan's ghost but do no damage.
BootchMan's ghost is almost destroyed.
BootchMan's ghost closely misses you.
You barely miss BootchMan's ghost.
BootchMan's ghost is almost destroyed.
BootchMan's ghost hits you but does no damage.
You hit BootchMan's ghost but do no damage.
BootchMan's ghost is almost destroyed.
BootchMan's ghost hits you.
* * * LOW HITPOINT WARNING * * *
You feel much better. BootchMan's ghost hits you!
* * * LOW HITPOINT WARNING * * *
You hit BootchMan's ghost but do no damage.
BootchMan's ghost is almost destroyed.
BootchMan's ghost hits you but does no damage.
You hit BootchMan's ghost but do no damage.
BootchMan's ghost is almost destroyed.
BootchMan's ghost hits you.
* * * LOW HITPOINT WARNING * * *
You feel very mighty all of a sudden. BootchMan's ghost hits you!
* * * LOW HITPOINT WARNING * * *
You barely miss BootchMan's ghost.
BootchMan's ghost is almost destroyed.
BootchMan's ghost hits you!
You die...

#.# #.########### #.# #.#
#..(........###.#########
#.#
###########.##.........))
#.#
#########.##..#########
#.# #.............# #.
#.#########.####.##.#†..#
#.
#.................#.#...#
#.
###########.####.W......#
#. #.# #h##.#...###### #.
#.# #.##..........# #.
#.# #.......###.#.# #.
#.#########.## #.#.# #.
#...........# #)#.# #.
############# #.#.# #.
#.#.# #. #.#.###.
#.#.....


You could see BootchMan's ghost.

Vanquished Creatures
  Grinder (D:4)
  Menkaure (D:4)
  A black bear (D:4)
  A sky beast (D:5)
  The ghost of PerfectTommy the Cruncher, an amateur GnWn of Dithmenos (D:2)
  2 ogres (D:5)
  The ghost of osoart the Changeling, an amateur DsSh (D:2)
  The ghost of lessens the Chopper, an amateur HuBe of Trog (D:2)
  A centaur (D:5)
  A kobold brigand (D:5)
  2 scorpions (D:5)
  2 orc priests
  2 hounds
  3 sleepcaps
  A jelly (D:5)
  Ijyb (D:4)
  Terence (D:3)
  3 iguanas
  An orc wizard (D:5)
  Natasha (thrice) (D:3)
  5 adders
  2 white imps (D:5)
  2 ufetubi
  2 worms
  4 dart slugs
  11 orcs
  3 bats
  7 endoplasms
  2 giant cockroaches
  5 goblins
  8 hobgoblins
  7 jackals
  6 kobolds
  6 quokkas
  2 ball pythons (D:3)
  2 frilled lizards (D:2)
  2 rats
106 creatures vanquished.

Notes
Turn   | Place    | Note
-------+----------+-------------------------------------------
     0 | D:1      | ryw the Demigod Shapeshifter began the quest for the Orb.
     0 | D:1      | Reached XP level 1. HP: 17/17 MP: 3/3
   267 | D:1      | Reached XP level 2. HP: 16/24 MP: 4/4
   758 | D:2      | Reached XP level 3. HP: 21/29 MP: 5/5
  1792 | D:3      | Reached XP level 4. HP: 27/36 MP: 6/6
  1946 | D:3      | Noticed Natasha
  1954 | D:3      | Killed Natasha
  1990 | D:3      | Noticed Terence
  2008 | D:3      | Killed Terence
  2009 | D:3      | Reached skill level 1 in Throwing
  2122 | D:3      | Reached XP level 5. HP: 29/41 MP: 7/7
  2264 | D:3      | Noticed Natasha
  2277 | D:3      | Killed Natasha
  2432 | D:3      | Found a runed translucent gate.
  2433 | D:3      | Found a runed translucent gate.
  2434 | D:3      | Found a runed translucent gate.
  2435 | D:3      | Noticed PerfectTommy's ghost (amateur GnWn)
  2435 | D:3      | Noticed osoart's ghost (amateur DsSh)
  2435 | D:3      | Noticed lessens's ghost (amateur HuBe)
  2435 | D:3      | Noticed BootchMan's ghost (amateur AtFi)
  2435 | D:3      | Noticed mwobee's ghost (weakling TeRe)
  2813 | D:3      | Noticed Natasha
  2820 | D:3      | Killed Natasha
  3321 | D:4      | Noticed Menkaure
  3325 | D:4      | Killed Menkaure
  3326 | D:4      | Reached XP level 6. HP: 48/48 MP: 8/8
  3410 | D:4      | Noticed Ijyb
  3749 | D:4      | Killed Ijyb
  3931 | D:4      | Noticed Grinder
  3954 | D:4      | Paralysed by Grinder for 5 turns
  3962 | D:4      | Paralysed by Grinder for 4 turns
  4161 | D:4      | Noticed Edmund
  4331 | D:4      | Killed Grinder
  4332 | D:4      | Reached skill level 1 in Armour
  4332 | D:4      | Reached XP level 7. HP: 51/56 MP: 9/9
  4673 | D:5      | Entered Level 5 of the Dungeon
  4720 | D:5      | Found a large runed translucent door.
  4720 | D:5      | Found a large runed translucent door.
  4731 | D:5      | Noticed juan097's ghost (amateur OpSh)
  5311 | D:5      | Reached skill level 5 in Unarmed Combat
  5657 | D:4      | Reached skill level 5 in Shapeshifting
  5755 | D:5      | Found Xiciampi's Distillery.
  5773 | D:5      | Reached XP level 8. HP: 20/63 MP: 10/10
  5784 | D:5      | Bought a potion of heal wounds for 50 gold pieces
  5784 | D:5      | Bought a potion of attraction for 30 gold pieces
  5784 | D:5      | Bought a potion of might for 40 gold pieces
  5784 | D:5      | Bought a potion of curing for 30 gold pieces
  7155 | D:2      | Killed osoart's ghost
  7227 | D:2      | Killed lessens's ghost
  7293 | D:2      | Killed PerfectTommy's ghost
  7321 | D:2      | Mangled by BootchMan's ghost

Illustrated notes

Levels and vault maps discovered:
D:1:      lightli_molten_gateway, layout_basic
D:2:      layout_loops_ring
D:3:      layout_basic, gammafunk_ghost_cemetery, uniq_terence, uniq_natasha
D:4:      kennysheep_spiral_hall, layout_basic, nicolae_vehumet_radiance,
          uniq_menkaure, uniq_ijyb, uniq_edmund, uniq_grinder
D:5:      minmay_inner_zag, layout_basic, ebering_ghost_disaster_area,
          serial_shops, shop, minmay_diced_spiral

Skill      XL: |  1  2  3  4  5  6  7  8 |
---------------+-------------------------+-----
Fighting       | 2 3 |  3.0
Dodging        | 2 |  2.0
Unarmed Combat | 2 3 4 5 6 |  6.5
Shapeshifting  | 3 4 5 6 |  6.0
Throwing       | 1 2 3 |  3.0
Armour         | 1 3 |  3.0

Action                     |  1- 3 |  4- 6 |  7- 9 || total
---------------------------+-------+-------+-------++-------
  Melee: Unarmed           |   151 |   119 |   182 ||   452
         Punch             |       |     2 |     9 ||    11
  Throw: Boomerang         |       |    34 |    21 ||    55
    Use: Potion            |       |     3 |     3 ||     6
         Scroll            |       |     7 |     2 ||     9
   Stab: Sleeping          |     1 |     1 |       ||     2
 Armour: Animal skin       |    32 |       |       ||    32
         Scale mail        |       |    18 |       ||    18
         Leather armour    |       |     2 |       ||     2
         Skin              |       |    30 |       ||    30
         Chain mail        |       |    14 |    79 ||    93
  Dodge: Dodged            |    79 |    57 |   101 ||   237

Table legend: (Time is in decaauts)
 A = Elapsed time spent in this place.
 B = Non-inter-level travel time spent in this place.
 C = Inter-level travel time spent in this place.
 D = Time resting spent in this place.
 E = Time spent auto-exploring this place.
 F = Levels seen in this place.
 G = Mean time per level.
                   A        B        C        D        E       F      G
               +--------+--------+--------+--------+--------+-----+--------+
         Total |   7319 |   6821 |    498 |   2023 |   3500 |   5 | 1463.8 |
       Dungeon |   7319 |   6821 |    498 |   2023 |   3500 |   5 | 1463.8 |
               +--------+--------+--------+--------+--------+-----+--------+

Top non-repeatable levels by time:
     D:4: 1938 daAuts
     D:5: 1856 daAuts
     D:3: 1646 daAuts
     D:2: 1159 daAuts
     D:1: 718 daAuts
